 Dungeon Crawl Stone Soup version 0.20-a0-1122-gb7cbeb9 (webtiles) character file.

6713 toast the Cleaver (level 11, 0/97 HPs)
             Began as a Hill Orc Fighter on May 12, 2017.
             Was a Believer of Beogh.
             Slain by Erolcha
             ... wielding a +0 giant spiked club
              (12 damage)
             ... on level 9 of the Dungeon.
             The game lasted 00:21:59 (8217 turns).

toast the Cleaver (Hill Orc Fighter)                Turns: 8217, Time: 00:22:00

Health: 0/97       AC: 19    Str: 23    XL:     11   Next: 3%
Magic:  15/15      EV:  5    Int:  8    God:    Beogh [**....]
Gold:   432        SH: 11    Dex: 10    Spells: 10/10 levels left

rFire    + . .     SeeInvis .   a - +1 war axe
rCold    x . .     Gourm    .   c - +0 shield
rNeg     . . .     Faith    .   g - +0 plate armour
rPois    .         Spirit   .   v - +1 helmet
rElec    .         Reflect  .   t - +2 cloak
rCorr    .         Harm     .   (no gloves)
MR       +....                  (no boots)
Stlth    ..........             p - amulet of rage
Regen    0.3/turn               y - ring of protection from magic
MPRegen  0.2/turn               I - ring of fire

@: no status effects
A: no striking features
a: Smiting, Renounce Religion, Evoke Berserk Rage


You were on level 9 of the Dungeon.
You worshipped Beogh.
Beogh was pleased with you.
You were hungry.

You visited 1 branch of the dungeon, and saw 9 of its levels.

You collected 432 gold pieces.

Inventory:

Hand Weapons
 a - a +1 war axe (weapon)
Armour
 c - a +0 shield (worn)
 g - a +0 plate armour (worn)
 t - a +2 cloak (worn)
 v - a +1 helmet (worn)
Jewellery
 p - an amulet of rage (around neck)
 y - a ring of protection from magic (left hand)
 I - a ring of fire (right hand)
Wands
 A - a wand of lightning (13/15)
 B - a wand of lightning (11/15)
 E - a wand of digging (16/24)
 F - a wand of disintegration (15/24)
Scrolls
 e - 4 scrolls of fog
 k - 3 scrolls of recharging
 m - 4 scrolls of teleportation
 n - 3 scrolls of enchant armour
 o - 12 scrolls of remove curse
 u - 2 scrolls of magic mapping
 D - 3 scrolls of identify
 K - a scroll of immolation {unknown}
Potions
 b - 2 potions of flight
 d - 3 potions of might
 h - a potion of agility {unknown}
 j - a potion of haste
 q - 2 potions of cancellation {unknown}
 r - 3 potions of brilliance
 s - a potion of mutation {unknown}
 w - 2 potions of heal wounds
 z - 3 potions of lignification
 C - 2 potions of ambrosia
 H - a potion of berserk rage {unknown}
 L - a potion of degeneration {unknown}
Books
 G - a book of Power

   Spells                             Type                      Level
   a - Iskenderun's Battlesphere      Conjuration/Charms           5
   b - Venom Bolt                     Conjuration/Poison           5
   c - Bolt of Magma                  Conjuration/Fire/Earth       5
   d - Iron Shot                      Conjuration/Earth            6
   e - Orb of Destruction             Conjuration                  7
   f - Spellforged Servitor           Conjuration/Summoning        7
Comestibles
 f - 6 bread rations
 i - 7 royal jellies
 l - 12 fruits
 x - 5 meat rations
 J - a chunk of flesh


   Skills:
 + Level 9.2 Fighting
 * Level 12.8 Axes
 + Level 8.5 Armour
 + Level 8.3 Shields
 * Level 6.2 Invocations


You had 10 spell levels left.
You didn't know any spells.

Dungeon Overview and Level Annotations

Branches:
Dungeon (9/15)             Temple (0/1) D:6
   Lair: D:8-11         Orc: D:9-12

Altars:
Gozag
Nemelex Xobeh
Xom

Annotations:
D:9 Erolcha


Message History

Something hits you but does no damage.
Your shield and plate armour prevent you from hitting the worker ant.
The worker ant is almost dead.
You slash something! The worker ant barely misses you.
You hit the worker ant.
You kill the worker ant!
Beogh accepts your kill.
You miss something. Something hits you!
You closely miss something. You slash something!
Something hits you but does no damage.
You completely miss something. You block something's attack.
You slash something! You closely miss something.
Something hits you but does no damage.
You hit something but do no damage. Something hits you!
* * * LOW HITPOINT WARNING * * *
You hit something. You closely miss something. Something hits you!
* * * LOW HITPOINT WARNING * * *
You hit something. Something hits you!
You die...

##### ....# ....#######
########## ...........
#........# '##........
#####........# .##........
#.@{.........# >.........)
+............# .##########
#...##.......##
.##############...##........##
....................)).......+
###############......).......#
##..............#
..................##
....................#


There were no monsters in sight!

Vanquished Creatures
  Erica (D:9)
  3 two-headed ogres (D:8)
  The ghost of handsome the Sneak, a novice OpHu of Xom (D:6)
  A hippogriff (D:7)
  A wyvern (D:8)
  A hungry ghost (D:8)
  An ice beast (D:5)
  An orc warrior (D:9)
  2 water moccasins
  A sky beast (D:7)
  A black bear (D:7)
  5 ogres
  2 centaurs
  3 phantoms
  A bullfrog (D:6)
  A scorpion (D:5)
  7 killer bees (D:7)
  2 howler monkeys (D:5)
  5 crimson imps
  A centaur zombie (D:8)
  2 bullfrog zombies (D:7)
  3 hounds
  2 quasits (D:8)
  Crazy Yiuf (D:2)
  An orc priest (D:5)
  A jelly (D:6)
  7 orc wizards
  A centaur skeleton (D:8)
  Jessica (D:3)
  A bullfrog skeleton (D:5)
  3 iguanas (D:5)
  5 worker ants
  A worker ant zombie (D:8)
  Robin (D:3)
  12 adders
  3 gnolls (D:6)
  A shadow imp (D:7)
  An ooze (D:2)
  5 worms
  4 dart slugs
  3 leopard geckos
  10 orcs
  6 giant cockroaches
  11 goblins
  9 hobgoblins
  15 jackals
  4 quokkas
  A ball python (D:2)
  9 bats
  4 frilled lizards
  A kobold (D:1)
  A quokka zombie (D:5)
  11 rats
182 creatures vanquished.

Notes
Turn   | Place    | Note
-------+----------+-------------------------------------------
     0 | D:1      | toast the Hill Orc Fighter began the quest for the Orb.
     0 | D:1      | Reached XP level 1. HP: 19/19 MP: 1/1
   345 | D:1      | Reached skill level 3 in Axes
   450 | D:1      | Found a shimmering altar of Xom.
   635 | D:1      | Reached XP level 2. HP: 25/26 MP: 2/2
  1079 | D:2      | Found a runed door.
  1083 | D:2      | Noticed Crazy Yiuf
  1089 | D:2      | Killed Crazy Yiuf
  1089 | D:2      | Reached skill level 4 in Axes
  1089 | D:2      | Reached XP level 3. HP: 14/33 MP: 3/3
  1580 | D:2      | Reached XP level 4. HP: 33/40 MP: 4/4
  1814 | D:2      | Found an opulent altar of Gozag.
  2232 | D:2      | Reached XP level 5. HP: 46/46 MP: 5/5
  2444 | D:3      | Reached skill level 5 in Axes
  2571 | D:3      | Noticed Robin
  2581 | D:3      | Killed Robin
  2619 | D:3      | Found a sparkling altar of Nemelex Xobeh.
  2698 | D:3      | Noticed Jessica
  2704 | D:3      | Killed Jessica
  2980 | D:3      | Found a faded altar of an unknown god.
  3297 | D:4      | Noticed an ogre
  3303 | D:4      | Killed an ogre
  3303 | D:4      | Reached XP level 6. HP: 39/53 MP: 6/6
  3383 | D:4      | Became a worshipper of Beogh the Brigand
  3585 | D:5      | Entered Level 5 of the Dungeon
  3656 | D:5      | Reached skill level 6 in Axes
  3738 | D:5      | Noticed an ice beast
  3747 | D:5      | Killed an ice beast
  3747 | D:5      | Reached skill level 5 in Fighting
  3747 | D:5      | Reached XP level 7. HP: 61/61 MP: 7/7
  3807 | D:5      | Reached skill level 7 in Axes
  3862 | D:5      | Reached skill level 5 in Armour
  3877 | D:5      | Reached skill level 5 in Shields
  4161 | D:5      | Reached * piety under Beogh
  4235 | D:5      | Reached XP level 8. HP: 60/70 MP: 8/8
  4239 | D:5      | Reached skill level 8 in Axes
  4553 | D:6      | Noticed handsome's ghost (novice OpHu)
  4574 | D:6      | Killed handsome's ghost
  4574 | D:6      | Reached skill level 9 in Axes
  4629 | D:6      | Found a staircase to the Ecumenical Temple.
  4769 | D:6      | Reached XP level 9. HP: 78/78 MP: 9/9
  5138 | D:7      | Reached skill level 10 in Axes
  5247 | D:7      | Reached ** piety under Beogh
  6140 | D:7      | Reached skill level 11 in Axes
  6577 | D:8      | Noticed a two-headed ogre
  6603 | D:8      | Killed a two-headed ogre
  6603 | D:8      | Reached XP level 10. HP: 7/90 MP: 9/12
  7262 | D:8      | Noticed a two-headed ogre
  7270 | D:8      | Killed a two-headed ogre
  7270 | D:8      | Reached skill level 12 in Axes
  7451 | D:8      | Noticed a two-headed ogre
  7459 | D:8      | Killed a two-headed ogre
  7459 | D:8      | Reached skill level 5 in Invocations
  7755 | D:9      | Noticed Erica
  7785 | D:9      | Killed Erica
  7785 | D:9      | HP: 3/91 [poisoned by Erica (bolt of poison)]
  8068 | D:9      | Reached XP level 11. HP: 87/97 MP: 15/15
  8093 | D:9      | Noticed Erolcha
  8217 | D:9      | Slain by Erolcha

Vault maps used:
D:1:      minmay_arrival_doors, xom_teletrap_fun
D:2:      grunt_gozag_statues, uniq_crazy_yiuf_cottage
D:3:      old_standard_altar, chequers_ecumenical_altar_simple, uniq_robin,
          uniq_jessica
D:4:      wad_pebble_path, kennysheep_decorative_pillar,
          kennysheep_generic_room_14
D:5:      first_bread
D:6:      minmay_temple_entry_mist
D:7:      roderic_curled_sauvastika
D:9:      uniq_erica, uniq_erolcha

Skill      XL: |  1  2  3  4  5  6  7  8  9 10 |
---------------+-------------------------------+-----
Axes           | 3 4 5 6 7 9 11 12 | 12.8
Fighting       | 4 5 6 8 9 |  9.2
Armour         | 4 5 6 7 8 |  8.5
Shields        | 4 5 6 7 8 |  8.3
Invocations    | 2 6 |  6.2

Action                   |  1- 3 |  4- 6 |  7- 9 | 10-12 || total
-------------------------+-------+-------+-------+-------++-------
Melee: War axe           |    76 |   185 |   399 |   180 ||   840
Invok: Convert to Beogh  |       |     1 |       |       ||     1
       Smiting           |       |       |       |     2 ||     2
 Abil: Evoke Berserk Rag |       |       |     1 |       ||     1
  Use: Potion            |       |     6 |     1 |     1 ||     8
       Scroll            |       |     9 |     3 |       ||    12
  Eat: Chunk             |     2 |     7 |     7 |     7 ||    23
       Bread ration      |       |       |     1 |       ||     1
Armor: Scale mail        |    36 |    41 |       |       ||    77
       Ring mail         |       |    21 |       |       ||    21
       Plate armour      |       |    18 |   229 |   109 ||   356
Dodge: Dodged            |    20 |    52 |    68 |    37 ||   177
Block: Shield            |    35 |    86 |   183 |   107 ||   411
